[Event "ICC tourney 2028 (45 10)"]
[Site "Internet Chess Club"]
[Date "2020.10.03"]
[Round "2"]
[White "GPWKnight"]
[Black "Deng16"]
[Result "0-1"]
[ICCResult "White resigns"]
[WhiteElo "1516"]
[BlackElo "1490"]
[Opening "Ruy Lopez: Berlin defense, Beverwijk variation"]
[ECO "C65"]
[NIC "RL.07"]
[Time "13:31:37"]
[TimeControl "2700+10"]

1. e4 e5 2. Nf3 Nc6 3. Bb5 Nf6 4. O-O Bc5 5. Bxc6 dxc6 6. h3 O-O 7. d3 Re8
8. Bg5 h6 9. Bh4 Qd6 10. Bg3 b5 11. Nc3 Nh5 12. Bh2 Nf4 13. Ne2 Nxh3+ 14.
gxh3 Bxh3 15. Re1 Qg6+ 16. Bg3 Re6 17. Nxe5 Rxe5 18. d4 Bxd4 19. Qxd4 Rxe4
20. Qd3 Rae8 21. Kh2 Bf5 22. Nf4 Rxe1 23. Nxg6 Bxd3 24. Rxe1 Rxe1 25. cxd3
fxg6 26. Bxc7 Rb1 27. Be5 Rd1 28. d4 Rd2 29. Kg2 a5 30. a3 Kf7 31. Kf3 Ke6
32. Bxg7 Kd5 33. Bxh6 Rxd4 34. Be3 Ra4 35. Kg3 b4 36. axb4 axb4 37. Kg4 b3+
38. f4 Ke4 39. Bd2 Rd4 40. Bc3 Rd5 41. Kh4 {White resigns} 0-1

[Event "ICC tourney 2028 (45 10)"]
[Site "Internet Chess Club"]
[Date "2020.10.03"]
[Round "2"]
[White "mutantpenguin"]
[Black "bsarvagnya"]
[Result "1-0"]
[ICCResult "Black checkmated"]
[WhiteElo "1352"]
[BlackElo "1092"]
[Opening "Scotch: Schmidt variation"]
[ECO "C45"]
[NIC "SO.04"]
[Time "13:32:09"]
[TimeControl "2700+10"]

1. e4 e5 2. Nf3 Nc6 3. d4 exd4 4. Nxd4 Nf6 5. Nc3 Bb4 6. Nxc6 bxc6 7. Bd2
O-O 8. Bd3 Re8 9. O-O d5 10. exd5 cxd5 11. a3 Bd6 12. Bg5 c6 13. Qd2 Be6 14.
Rfe1 Be7 15. Rad1 h6 16. Bxf6 Bxf6 17. Rb1 Qd6 18. Ne2 Re7 19. c4 Rd8 20.
Red1 Kh8 21. Qc2 Qc7 22. c5 Qe5 23. Re1 Qc7 24. b4 Rde8 25. h3 Be5 26. Nc3
Bd4 27. Rbd1 Bxh3 28. Rxe7 Rxe7 29. Ne2 Bg4 30. Nxd4 Bxd1 31. Qxd1 a5 32.
Qa4 Re1+ 33. Bf1 axb4 34. axb4 g6 35. Qxc6 Qa7 36. Qxd5 Qa6 37. Qe5+ Rxe5
38. Bxa6 Kg8 39. c6 Re1+ 40. Kh2 Rc1 41. b5 Kf8 42. b6 Ke7 43. c7 Kd7 44.
c8=Q+ Rxc8 45. Bxc8+ Kxc8 46. Nb5 Kb7 47. Nd6+ Kxb6 48. Nxf7 h5 49. Kh3 Kc6
50. Kh4 Kd7 51. Ne5+ Ke6 52. Nxg6 Kf5 53. Kxh5 Ke4 54. g4 Kf3 55. g5 Kg2 56.
Nh4+ Kxf2 57. g6 Kg3 58. g7 Kf4 59. g8=Q Ke5 60. Qf7 Ke4 61. Qf6 Ke3 62. Qf5
Ke2 63. Qf4 Ke1 64. Qh2 Kf1 65. Kg4 Ke1 66. Nf3+ Kf1 67. Nd2+ Ke1 68. Nf1
Kd1 69. Qd2# {Black checkmated} 1-0

[Event "ICC tourney 2028 (45 10)"]
[Site "Internet Chess Club"]
[Date "2020.10.03"]
[Round "2"]
[White "jacobsperber"]
[Black "WizardY"]
[Result "0-1"]
[ICCResult "White resigns"]
[WhiteElo "1192"]
[BlackElo "1448"]
[Opening "QGD: Neo-orthodox variation, 7.Bh4"]
[ECO "D56"]
[NIC "QP.06"]
[Time "13:31:35"]
[TimeControl "2700+10"]

1. d4 Nf6 2. Nf3 d5 3. c4 e6 4. Nc3 Be7 5. Bg5 O-O 6. e3 h6 7. Bh4 c6 8. Bd3
Nbd7 9. O-O c5 10. cxd5 exd5 11. Rc1 c4 12. Bc2 Nb6 13. Re1 Bg4 14. b3 Ba3
15. Rb1 Bb4 16. Qd2 Bxf3 17. gxf3 Ne4 18. fxe4 Qxh4 19. bxc4 Nxc4 20. Qd3
Bxc3 21. Qxc3 Rac8 22. Qd3 Qg4+ 23. Kf1 dxe4 24. Qe2 Qh3+ 25. Kg1 f5 26. Kh1
b6 27. Bb3 b5 28. Rbc1 f4 29. Rc2 Kh8 30. Bxc4 bxc4 31. Rec1 Kh7 32. Qf1
Qxf1+ 33. Rxf1 fxe3 34. Kg2 exf2 35. Rfxf2 Rfd8 36. Rf7 Rxd4 37. Rxa7 c3 38.
Kf1 Rd2 39. Rc1 c2 40. Ke1 Rxh2 41. Re7 Rh1+ 42. Kd2 Rd8+ 43. Kxc2 Rc8+ 44.
Kb3 Rhxc1 45. Ka4 Rb1 46. a3 Ra8+ {White resigns} 0-1

[Event "ICC tourney 2028 (45 10)"]
[Site "Internet Chess Club"]
[Date "2020.10.03"]
[Round "2"]
[White "bgl2011"]
[Black "RatislavK"]
[Result "1-0"]
[ICCResult "Black checkmated"]
[WhiteElo "1497"]
[BlackElo "1146"]
[Opening "Sicilian: Pelikan (Lasker/Sveshnikov) variation"]
[ECO "B33"]
[NIC "SI.35"]
[Time "13:31:40"]
[TimeControl "2700+10"]

1. e4 c5 2. Nf3 Nc6 3. d4 cxd4 4. Nxd4 Nf6 5. Nc3 e5 6. Nf3 Bb4 7. Bd3 Bxc3+
8. bxc3 d5 9. Qe2 dxe4 10. Bxe4 Nxe4 11. Qxe4 O-O 12. O-O f5 13. Qc4+ Kh8
14. Ng5 Qf6 15. Rd1 f4 16. Nf3 Bg4 17. Qe4 Bf5 18. Qe2 Rad8 19. Ba3 Rfe8 20.
h3 e4 21. Nd4 Nxd4 22. cxd4 f3 23. Qf1 Qg6 24. Kh2 Qg5 25. Bc1 Qf6 26. Be3
Qd6+ 27. Kh1 Re6 28. Qg1 Rg6 29. g4 Bc8 30. Qh2 Qc6 31. Rdc1 Rdd6 32. c4
Bxg4 33. d5 Qd7 34. Bf4 Rdf6 35. h4 Bh3 36. Bg3 Qg4 37. Re1 Bg2+ 38. Kg1 Rh6
39. Rab1 g5 40. Be5 Rxh4 41. Bxf6+ Kg8 42. Qb8+ Kf7 43. Rxb7+ Kxf6 44. Qd6+
Kf5 45. Rf7# {Black checkmated} 1-0

[Event "ICC tourney 2028 (45 10)"]
[Site "Internet Chess Club"]
[Date "2020.10.03"]
[Round "2"]
[White "aryababu25"]
[Black "Paladin51"]
[Result "1-0"]
[ICCResult "Black resigns"]
[WhiteElo "1459"]
[BlackElo "1611"]
[Opening "Dutch with c4 & Nc3"]
[ECO "A85"]
[NIC "HD.05"]
[Time "13:31:36"]
[TimeControl "2700+10"]

1. d4 f5 2. c4 Nf6 3. Nc3 e6 4. Qc2 d5 5. Bg5 Be7 6. Nf3 O-O 7. e3 c6 8. Bd3
Ne4 9. Bxe7 Qxe7 10. O-O b6 11. a3 Bb7 12. b4 Nd7 13. c5 b5 14. a4 a6 15.
Nd2 e5 16. f3 Nxd2 17. Qxd2 e4 18. Be2 Nf6 19. Rf2 exf3 20. Bxf3 Ne4 21.
Nxe4 fxe4 22. Bg4 Rxf2 23. Qxf2 Rf8 24. Qg3 Qf7 25. h3 Bc8 26. axb5 axb5 27.
Bxc8 Rxc8 28. Rf1 Qe7 29. Qg4 Re8 30. Rf5 Qe6 31. Qf4 Qg6 32. Rg5 Qf7 33.
Qd6 Re6 34. Qb8+ Qe8 35. Qg3 Qf7 36. Re5 Rf6 37. Kh2 Rg6 38. Qh4 Rf6 39. Qg4
h6 40. Qc8+ Kh7 41. Re8 Qh5 42. Rh8+ Kg6 43. Qe8+ Kg5 44. Qe5+ Kg6 45. Qe8+
Kg5 46. Qe7 Qf7 47. Qe5+ Rf5 48. Qg3+ Kf6 49. Qd6+ Kg5 50. Qg3+ Kf6 51. Rc8
Qd7 52. Rf8+ Ke7 53. Qxg7+ Ke6 54. Qxh6+ Ke7 55. Qg7+ Ke6 56. Qg6+ Ke7 57.
Rxf5 Kd8 58. Qd6 Qxd6+ 59. cxd6 Kd7 60. h4 Kxd6 61. h5 c5 62. dxc5+ Ke6 63.
h6 Kxf5 64. h7 d4 65. h8=Q dxe3 66. Qh3+ Kf4 67. Qg3+ Kf5 68. Qxe3
{Black resigns}
1-0

[Event "ICC tourney 2028 (45 10)"]
[Site "Internet Chess Club"]
[Date "2020.10.03"]
[Round "3"]
[White "Florina12345"]
[Black "handsomematch"]
[Result "1-0"]
[ICCResult "Black resigns"]
[WhiteElo "1347"]
[BlackElo "1214"]
[Opening "Scotch game"]
[ECO "C45"]
[NIC "SO.05"]
[Time "16:02:37"]
[TimeControl "2700+10"]

1. e4 e5 2. Nf3 Nc6 3. d4 exd4 4. Nxd4 Bc5 5. Be3 Qf6 6. c3 Nge7 7. Bc4 O-O
8. O-O d6 9. f4 Re8 10. Kh1 Ng6 11. Qd2 Rxe4 12. Bd5 Re8 13. Re1 Nxd4 14.
cxd4 Bxd4 15. Bxd4 Qxd4 16. Rxe8+ Nf8 17. Qxd4 {Black resigns} 1-0

[Event "ICC tourney 2028 (45 10)"]
[Site "Internet Chess Club"]
[Date "2020.10.03"]
[Round "3"]
[White "agrimjax1"]
[Black "andrewj508"]
[Result "1-0"]
[ICCResult "Black checkmated"]
[WhiteElo "1452"]
[BlackElo "1186"]
[Opening "Giuoco Pianissimo: Italian four knights variation"]
[ECO "C55"]
[NIC "IG.01"]
[Time "16:02:04"]
[TimeControl "2700+10"]

1. e4 e5 2. Nf3 Nc6 3. Bc4 Nf6 4. d3 Bc5 5. Nc3 d6 6. h3 O-O 7. Bg5 h6 8.
Bxf6 Qxf6 9. O-O Qg6 10. Nh4 Qg5 11. Nf5 Nd4 12. h4 Qg6 13. Ne7+ Kh7 14.
Nxg6 fxg6 15. Ne2 Bg4 16. f3 Nxe2+ 17. Kh2 Bg1+ 18. Rxg1 Nxg1 19. fxg4 Rf2
20. Qxg1 Raf8 21. Bb3 c5 22. Kg3 R2f4 23. g5 h5 24. Be6 Re8 25. Rf1 Rxe6 26.
Rxf4 exf4+ 27. Kxf4 Kg8 28. Kg3 Re7 29. d4 Rxe4 30. dxc5 Rg4+ 31. Kh3 dxc5
32. Qxc5 Ra4 33. Qe5 Ra6 34. a3 Rb6 35. b3 Kf7 36. Qc7+ Kf8 37. Qb8+ Kf7 38.
Qxa7 Rb5 39. a4 Rb4 40. Qa5 Rf4 41. Qc7+ Ke6 42. Qxf4 Kd5 43. c4+ Kc6 44. b4
Kb6 45. a5+ Ka7 46. Qd4+ Ka8 47. Qxg7 Ka7 48. Qxg6 Ka8 49. a6 bxa6 50. Qxa6+
Kb8 51. Qe6 Kc7 52. g6 Kb7 53. g7 Ka8 54. g8=Q+ Ka7 55. Qg7+ Kb8 56. Qeg8#
{Black checkmated}
1-0

[Event "ICC tourney 2028 (45 10)"]
[Site "Internet Chess Club"]
[Date "2020.10.03"]
[Round "3"]
[White "srinandasai12"]
[Black "devmadhavan"]
[Result "1-0"]
[ICCResult "Black checkmated"]
[WhiteElo "1243"]
[BlackElo "1147"]
[Opening "Scotch opening"]
[ECO "C44"]
[NIC "KP.10"]
[Time "16:02:14"]
[TimeControl "2700+10"]

1. e4 e5 2. Nf3 Nc6 3. d4 d6 4. dxe5 Bg4 5. exd6 Qxd6 6. Qxd6 cxd6 7. Be2
Nf6 8. Nc3 Be7 9. Be3 Rd8 10. h3 Bxf3 11. Bxf3 Nb4 12. O-O-O b6 13. a3 Nc6
14. g4 Ne5 15. Be2 h6 16. f4 Nc6 17. Bb5 Rc8 18. g5 hxg5 19. fxg5 Nh5 20.
Nd5 Ng3 21. Rh2 Nxe4 22. Nxe7 Kxe7 23. Re1 Ne5 24. Bf4 Nc5 25. Bxe5 dxe5 26.
Rxe5+ Kd6 27. Re1 Ne6 28. Rd2+ Kc5 29. Re5# {Black checkmated} 1-0

[Event "ICC tourney 2028 (45 10)"]
[Site "Internet Chess Club"]
[Date "2020.10.03"]
[Round "3"]
[White "lerui"]
[Black "oxdidi"]
[Result "1-0"]
[ICCResult "Black checkmated"]
[WhiteElo "1092"]
[BlackElo "1069"]
[Opening "Giuoco Piano"]
[ECO "C50"]
[NIC "IG.02"]
[Time "16:02:09"]
[TimeControl "2700+10"]

1. e4 e5 2. Nf3 Nc6 3. Bc4 Bc5 4. O-O Nf6 5. Nc3 O-O 6. d3 h6 7. Bd2 d6 8.
h3 Be6 9. Bb3 Qd7 10. Bxe6 Qxe6 11. Re1 Rfe8 12. Be3 Bxe3 13. Rxe3 Nd4 14.
Re1 Nh5 15. Nxd4 exd4 16. Nd5 Qd7 17. Qxh5 c6 18. Nf4 Kh7 19. Qf5+ Qxf5 20.
exf5 Rf8 21. Re7 Rae8 22. Rxb7 a5 23. Ra7 Re5 24. g4 f6 25. Ng6 Re2 26.
Nxf8+ Kg8 27. Ng6 Rxc2 28. Ra8+ Kh7 29. Rh8# {Black checkmated} 1-0

[Event "ICC tourney 2028 (45 10)"]
[Site "Internet Chess Club"]
[Date "2020.10.03"]
[Round "3"]
[White "NeuralNetworkQS"]
[Black "RatislavK"]
[Result "0-1"]
[ICCResult "White checkmated"]
[WhiteElo "891"]
[BlackElo "1177"]
[Opening "Sicilian: Pelikan, Chelyabinsk variation"]
[ECO "B33"]
[NIC "SI.37"]
[Time "16:02:03"]
[TimeControl "2700+10"]

1. e4 c5 2. Nf3 Nc6 3. d4 cxd4 4. Nxd4 Nf6 5. Nc3 e5 6. Ndb5 d6 7. Bg5 a6 8.
Na3 b5 9. Nd5 Be7 10. Nxf6+ Bxf6 11. Bxf6 Qxf6 12. Qd5 Bd7 13. Nxb5 axb5 14.
Bxb5 Rc8 15. Rd1 O-O 16. O-O Nb4 17. Qb7 Bxb5 18. Qxb5 Nxc2 19. Rc1 Nd4 20.
Qa6 Ra8 21. Qc4 Qg6 22. f3 h6 23. Rfd1 Nxf3+ 24. Kf2 Nxh2 25. Qc6 Ng4+ 26.
Ke1 Ne3 27. Rxd6 Qxg2 28. Qc5 Qxe4 29. Kd2 Rxa2 30. Qxe3 Rxb2+ 31. Kc3 Qb4+
32. Kd3 e4+ 33. Qxe4 Rb3+ 34. Kc2 Qxe4+ 35. Kxb3 Rb8+ 36. Kc3 Qe5+ 37. Rd4
Rc8+ 38. Kd3 Rxc1 39. Rd8+ Kh7 40. Rf8 Rc3+ 41. Kd2 Qe3+ 42. Kd1 Rc1#
{White checkmated}
0-1

[Event "ICC tourney 2028 (45 10)"]
[Site "Internet Chess Club"]
[Date "2020.10.03"]
[Round "3"]
[White "AJRChess2011"]
[Black "RaymondJiang1"]
[Result "1/2-1/2"]
[ICCResult "Game drawn by mutual agreement"]
[WhiteElo "1290"]
[BlackElo "1407"]
[Opening "Ruy Lopez: exchange, Keres variation"]
[ECO "C68"]
[NIC "RL.08"]
[Time "16:02:10"]
[TimeControl "2700+10"]

1. e4 e5 2. Nf3 Nc6 3. Bb5 a6 4. Bxc6 dxc6 5. Nc3 Bd6 6. d4 Qf6 7. O-O Bg4
8. dxe5 Bxe5 9. Bg5 Qd6 10. h3 Bxf3 11. Qxf3 f6 12. Rad1 Qe6 13. Be3 Ne7 14.
Bf4 Ng6 15. Bxe5 Nxe5 16. Qg3 O-O 17. f4 Nc4 18. b3 Nd6 19. f5 Qe7 20. Rfe1
Nf7 21. Rd3 Rfd8 22. Red1 Ne5 23. Rxd8+ Rxd8 24. Rxd8+ Qxd8 25. Qf2 b6 26.
Kh2 Qd6 27. g3 c5 28. Qe2 b5 29. Qd1 Qxd1 30. Nxd1 Nf3+ 31. Kg2 Ne5 32. Ne3
c6 33. c4 b4 34. Ng4 Nxg4 35. hxg4 g6 36. Kf3 g5 37. e5 Kf7 38. e6+ Ke7 39.
Ke3 a5 {Game drawn by mutual agreement} 1/2-1/2

[Event "ICC tourney 2028 (45 10)"]
[Site "Internet Chess Club"]
[Date "2020.10.03"]
[Round "3"]
[White "mehtaaditya"]
[Black "AAlderete"]
[Result "1-0"]
[ICCResult "Black resigns"]
[WhiteElo "1550"]
[BlackElo "255"]
[Opening "Sicilian: closed"]
[ECO "B23"]
[NIC "SI.44"]
[Time "16:01:58"]
[TimeControl "2700+10"]

1. e4 c5 2. Nc3 d6 3. f4 Nc6 4. Nf3 Bg4 5. h3 Bxf3 6. Qxf3 Nd4 7. Qd1 e6 8.
Ne2 Ne7 9. Nxd4 cxd4 10. Bb5+ Nc6 11. Qf3 Qc7 12. c3 dxc3 13. Qxc3 Be7 14.
O-O O-O 15. Bxc6 bxc6 16. Qg3 d5 17. e5 Qb6+ 18. Kh1 Rad8 19. d3 Rfe8 20. b3
g6 21. Be3 Qa5 22. Rfc1 c5 23. Qf2 Rc8 24. Rc2 Rc7 25. Rac1 Rec8 26. Bd2 Qa6
27. Be3 c4 28. dxc4 dxc4 29. Rxc4 Rxc4 30. bxc4 Rxc4 31. Rxc4 Qxc4 32. Bxa7
Qxa2 33. Qxa2 {Black resigns} 1-0

[Event "ICC tourney 2028 (45 10)"]
[Site "Internet Chess Club"]
[Date "2020.10.03"]
[Round "3"]
[White "ElijahL2020"]
[Black "bgl2011"]
[Result "1-0"]
[ICCResult "Black checkmated"]
[WhiteElo "1229"]
[BlackElo "1431"]
[Opening "Scotch: Mieses variation"]
[ECO "C45"]
[NIC "SO.04"]
[Time "16:02:04"]
[TimeControl "2700+10"]

1. e4 e5 2. Nf3 Nc6 3. d4 exd4 4. Nxd4 Nf6 5. Nxc6 bxc6 6. e5 Nd5 7. c4 Nb6
8. b3 d6 9. exd6 cxd6 10. Bb2 Bf5 11. Nc3 Qd7 12. Be2 Be7 13. O-O Bf6 14.
Re1 O-O 15. Bf3 Rfe8 16. Rxe8+ Rxe8 17. Qd2 h6 18. Rd1 Nc8 19. Qf4 Qe6 20.
h3 Qe1+ 21. Rxe1 Rxe1+ 22. Kh2 Be5 23. Qxe5 dxe5 24. Bxc6 f6 25. Bd5+ Kh7
26. Kg3 Bb1 27. Nxb1 Rxb1 28. Be4+ Kg8 29. Bxb1 Kf7 30. Kf3 Ke6 31. Kg4 Nb6
32. Bf5+ Kd6 33. Ba3+ Kc6 34. Be4+ Kd7 35. Kf5 Ke8 36. Bc6+ Kf7 37. c5 Nc8
38. Bd7 Ne7+ 39. Ke4 Kg8 40. Be6+ Kh7 41. b4 a6 42. Bc4 Kg6 43. Bxa6 Kg5 44.
Bc1+ Kh4 45. b5 g5 46. c6 h5 47. c7 f5+ 48. Kxe5 g4 49. c8=Q Nxc8 50. Bxc8
f4 51. Kxf4 gxh3 52. g3# {Black checkmated} 1-0

[Event "ICC tourney 2028 (45 10)"]
[Site "Internet Chess Club"]
[Date "2020.10.03"]
[Round "3"]
[White "FlowingMelody"]
[Black "SunnyDays0"]
[Result "1-0"]
[ICCResult "Black resigns"]
[WhiteElo "1333"]
[BlackElo "1145"]
[Opening "French: Tarrasch, open, 4.ed ed"]
[ECO "C08"]
[NIC "FR.21"]
[Time "16:02:02"]
[TimeControl "2700+10"]

1. e4 e6 2. d4 d5 3. Nd2 c5 4. exd5 exd5 5. Ngf3 Nf6 6. Bb5+ Nc6 7. Ne5 Bd7
8. Nxc6 Bxc6 9. Bxc6+ bxc6 10. Qe2+ Qe7 11. Qxe7+ Bxe7 12. Nb3 c4 13. Nd2
O-O 14. O-O Rfe8 15. Nf3 Rab8 16. b3 c3 17. Bf4 Rb7 18. Rfe1 Ne4 19. Ne5 c5
20. dxc5 Bxc5 21. Nd3 Rbe7 22. Nxc5 Nxc5 23. Rxe7 Rxe7 24. Bd6 Re2 25. Bxc5
Rxc2 26. Be3 f6 27. Rc1 Rxc1+ 28. Bxc1 d4 29. Kf1 Kf7 30. Ke2 Ke6 31. Kd3
Kd5 32. a4 a5 33. Ba3 g5 34. b4 axb4 35. Bxb4 h5 36. Bxc3 dxc3 37. Kxc3 f5
38. a5 f4 39. a6 Kc6 40. Kd4 Kb6 41. Ke5 Kxa6 42. Kf5 {Black resigns} 1-0

[Event "ICC tourney 2028 (45 10)"]
[Site "Internet Chess Club"]
[Date "2020.10.03"]
[Round "3"]
[White "UltimateDL"]
[Black "jxfan1"]
[Result "0-1"]
[ICCResult "White checkmated"]
[WhiteElo "1476"]
[BlackElo "1296"]
[Opening "Scotch: Schmidt variation"]
[ECO "C45"]
[NIC "SO.04"]
[Time "16:02:02"]
[TimeControl "2700+10"]

1. e4 e5 2. Nf3 Nc6 3. d4 exd4 4. Nxd4 Nf6 5. Nc3 Bb4 6. Nxc6 bxc6 7. Bd3
O-O 8. O-O Bxc3 9. bxc3 h6 10. e5 Nd5 11. c4 Nb6 12. Re1 Bb7 13. Ba3 Re8 14.
c5 Nc8 15. Rb1 Rb8 16. Ba6 Bxa6 17. Rxb8 Bb5 18. Qd4 d5 19. cxd6 cxd6 20.
Bxd6 Qxd6 21. Qxd6 Nxd6 22. Rxe8+ Nxe8 23. f4 Kf8 24. Kf2 Ke7 25. Rd1 Ke6
26. Ke3 Bc4 27. a4 Bd5 28. g4 f6 29. exf6 Nxf6 30. Rg1 g5 31. fxg5 hxg5 32.
Kd4 Kd6 33. c4 c5+ 34. Kd3 Be4+ 35. Ke3 a5 36. h3 Bc2 37. Rf1 Ke6 38. Rc1
Bb3 39. Rb1 Bxc4 40. Rb6+ Ke5 41. Rc6 Ne4 42. Rc8 Be6 43. Re8 Kd5 44. Rd8+
Ke5 45. Re8 Nd6 46. Ra8 Bd5 47. Rxa5 Nc4+ 48. Kf2 Nxa5 49. Kg3 c4 50. h4
gxh4+ 51. Kxh4 c3 52. g5 c2 53. Kh5 c1=Q 54. Kh6 Kf5 55. Kh7 Qxg5 56. Kh8
Qh6# {White checkmated} 0-1

[Event "ICC tourney 2028 (45 10)"]
[Site "Internet Chess Club"]
[Date "2020.10.03"]
[Round "3"]
[White "Paladin51"]
[Black "chestnut01"]
[Result "1-0"]
[ICCResult "Black resigns"]
[WhiteElo "1633"]
[BlackElo "1036"]
[Opening "Queen's pawn game"]
[ECO "D04"]
[NIC "QP.08"]
[Time "16:02:15"]
[TimeControl "2700+10"]

1. d4 d5 2. Nf3 Nf6 3. e3 c6 4. b3 Bf5 5. Bd3 Qc8 6. O-O e6 7. Bb2 Bd6 8.
Nbd2 O-O 9. Qe2 Re8 10. e4 dxe4 11. Nxe4 Nxe4 12. Bxe4 Bxe4 13. Qxe4 Nd7 14.
Ne5 f6 15. Nc4 Bc7 16. Rfe1 Qb8 17. g3 e5 18. Qf5 Re7 19. Rad1 b5 20. dxe5
Nxe5 21. Nxe5 Bxe5 22. Bxe5 Rxe5 23. Rxe5 Qxe5 24. Qxe5 fxe5 25. Rd6 Rc8 26.
Re6 Rd8 27. Rxe5 Rd1+ 28. Kg2 Ra1 29. Rc5 Rxa2 30. Rxc6 a5 31. f4 a4 32.
bxa4 bxa4 33. Kf3 a3 34. h3 Rb2 35. Ra6 Rxc2 36. Rxa3 Rh2 37. Kg4 g6 38. h4
Kg7 39. Ra7+ Kg8 40. Kg5 Rg2 41. Kf6 h6 42. Rg7+ Kf8 43. Rxg6 Rc2 44. Rxh6
Rc6+ 45. Kg5 Rc5+ 46. f5 Kg7 47. Rg6+ Kf7 48. h5 Rc8 49. h6 Rh8 50. Rg7+ Kf8
51. Kg6 Ke8 52. h7 Kf8 53. Ra7 {Black resigns} 1-0

[Event "ICC tourney 2028 (45 10)"]
[Site "Internet Chess Club"]
[Date "2020.10.03"]
[Round "3"]
[White "Dhruti813kob36"]
[Black "Kyle45"]
[Result "1-0"]
[ICCResult "Black checkmated"]
[WhiteElo "1427"]
[BlackElo "1011"]
[Opening "Sicilian: Anderssen variation"]
[ECO "B41"]
[NIC "SI.41"]
[Time "16:01:56"]
[TimeControl "2700+10"]

1. e4 c5 2. Nf3 e6 3. d4 cxd4 4. Nxd4 Nf6 5. Nc3 h6 6. Be3 Bb4 7. f3 Qa5 8.
Bd2 Nc6 9. Nb3 Qc7 10. Qe2 a6 11. O-O-O O-O 12. g4 Bxc3 13. Bxc3 Ne8 14. h4
f6 15. g5 fxg5 16. hxg5 h5 17. Rxh5 Qf4+ 18. Bd2 Qxf3 19. Qh2 Kf7 20. g6+
Ke7 21. Bg5+ Nf6 22. Qd6+ Ke8 23. Rh3 Qxe4 24. Bxf6 gxf6 25. g7 Rg8 26. Rh8
Qe3+ 27. Kb1 Ne7 28. Rxg8+ Kf7 29. Rf8+ Kxg7 30. Qxe7+ Kg6 31. Bd3+ Kh5 32.
Qg7 Qh6 33. Rh1# {Black checkmated} 1-0

[Event "ICC tourney 2028 (45 10)"]
[Site "Internet Chess Club"]
[Date "2020.10.03"]
[Round "3"]
[White "AngelaIL203"]
[Black "Beast908"]
[Result "1/2-1/2"]
[ICCResult "Game drawn by mutual agreement"]
[WhiteElo "1083"]
[BlackElo "1390"]
[Opening "Giuoco Piano"]
[ECO "C50"]
[NIC "IG.02"]
[Time "16:02:06"]
[TimeControl "2700+10"]

1. e4 e5 2. Nf3 Nc6 3. Bc4 Bc5 4. O-O Nf6 5. Nc3 O-O 6. d3 d6 7. h3 h6 8.
Be3 Bb6 9. Nd5 Nxd5 10. Bxd5 Bd7 11. Qd2 Re8 12. Bxh6 Qf6 13. Bg5 Qg6 14.
Kh1 Be6 15. c4 Bxd5 16. cxd5 Nd4 17. Nxd4 Bxd4 18. Be3 Bb6 19. Bxb6 axb6 20.
Qc3 Rec8 21. a3 c6 22. dxc6 bxc6 23. Qb3 Rab8 24. Rac1 c5 25. Qd5 b5 26. b4
cxb4 27. axb4 Rd8 28. f4 exf4 29. Rxf4 Qh6 30. Qxf7+ Kh8 31. g3 Qxh3+ 32.
Kg1 Qxg3+ 33. Kf1 Qxd3+ 34. Kg2 Qd2+ 35. Kg3 Qxc1 36. Rh4+ Qh6 37. Rxh6+
gxh6 38. Qf6+ Kh7 39. Kh4 Re8 40. Qf5+ Kh8 41. Qf6+ Kh7
{Game drawn by mutual agreement}
1/2-1/2

[Event "ICC tourney 2028 (45 10)"]
[Site "Internet Chess Club"]
[Date "2020.10.03"]
[Round "3"]
[White "kevin2010"]
[Black "JacobRandom"]
[Result "0-1"]
[ICCResult "White resigns"]
[WhiteElo "1209"]
[BlackElo "1262"]
[Opening "Queen's pawn: Yusupov-Rubinstein system"]
[ECO "A46"]
[NIC "QP.06"]
[Time "16:02:11"]
[TimeControl "2700+10"]

1. d4 Nf6 2. Nf3 e6 3. e3 b6 4. Bd3 Bb7 5. O-O d5 6. Re1 Bd6 7. Nbd2 O-O 8.
e4 dxe4 9. Nxe4 Nbd7 10. Bg5 h6 11. Bxf6 Nxf6 12. Nxf6+ Qxf6 13. c3 Bxf3 14.
Qxf3 Qxf3 15. gxf3 c5 16. Be4 Rad8 17. Rad1 cxd4 18. Rxd4 Bc5 19. Rd3 Rxd3
20. Bxd3 Rd8 21. Bc4 Rd2 22. Re2 Rd1+ 23. Kg2 a5 24. Bb3 Rd6 25. Re1 Rd2 26.
Rf1 Rxb2 27. Kg3 Bd6+ 28. Kh3 Bc5 29. Rd1 Rxf2 30. Kg3 Re2 31. Bc4 Re3 32.
Bd3 Bd6+ 33. Kg2 Be5 34. Bc2 Re2+ 35. Kf1 Rxc2 36. Rd8+ Kh7 37. Rd7 Rxh2 38.
Rxf7 Rxa2 39. Re7 Bxc3 40. Rc7 Bd4 41. Rc6 Rf2+ 42. Ke1 Rxf3 43. Rxe6 Re3+
44. Rxe3 Bxe3 45. Ke2 a4 46. Kd3 a3 47. Kc2 b5 48. Kb3 b4 49. Ka2 h5
{White resigns}
0-1

[Event "ICC tourney 2028 (45 10)"]
[Site "Internet Chess Club"]
[Date "2020.10.03"]
[Round "3"]
[White "aakashjr"]
[Black "aryababu25"]
[Result "1-0"]
[ICCResult "Black checkmated"]
[WhiteElo "1515"]
[BlackElo "1425"]
[Opening "Giuoco Piano: Greco's attack"]
[ECO "C54"]
[NIC "IG.02"]
[Time "16:02:04"]
[TimeControl "2700+10"]

1. e4 e5 2. Nf3 Nc6 3. Bc4 Bc5 4. c3 Nf6 5. d4 exd4 6. cxd4 Bb4+ 7. Nc3 O-O
8. O-O d6 9. Re1 Re8 10. Ng5 Rf8 11. Bf4 h6 12. Nf3 Bg4 13. d5 Ne5 14. Bxe5
dxe5 15. Qd3 Bxf3 16. Qxf3 Re8 17. Rad1 a6 18. a3 Bc5 19. b4 Ba7 20. b5 Bc5
21. a4 Qd6 22. Ne2 Bb4 23. Rf1 Qc5 24. Qd3 a5 25. Ng3 g6 26. Qf3 Kg7 27. Rc1
Qb6 28. Qb3 Re7 29. Rfd1 Bc5 30. Qf3 Rd8 31. Rd2 Nh7 32. Qg4 Nf6 33. Qf3 Nh7
34. Rdc2 Ng5 35. Qg4 Rd6 36. h4 Nh7 37. Nf5+ Kh8 38. Nxe7 Rf6 39. Qc8+ Nf8
40. Qxf8+ Kh7 41. Qg8# {Black checkmated} 1-0

[Event "ICC tourney 2028 (45 10)"]
[Site "Internet Chess Club"]
[Date "2020.10.03"]
[Round "3"]
[White "johnzabraham"]
[Black "wildrumpus"]
[Result "0-1"]
[ICCResult "White checkmated"]
[WhiteElo "952"]
[BlackElo "1482"]
[Opening "Queen's Indian accelerated"]
[ECO "A50"]
[NIC "QP.07"]
[Time "16:02:39"]
[TimeControl "2700+10"]

1. d4 Nf6 2. c4 b6 3. Nc3 Bb7 4. Bg5 e6 5. a3 Be7 6. e3 O-O 7. Nf3 d5 8.
cxd5 Nxd5 9. Bxe7 Qxe7 10. Bd3 Nxc3 11. bxc3 c5 12. O-O h6 13. Re1 Nd7 14.
Rc1 cxd4 15. cxd4 Qxa3 16. e4 Rfc8 17. Qd2 Nf6 18. e5 Nd5 19. Be4 Qe7 20.
Qb2 Rc7 21. Nd2 Rac8 22. h3 Rd8 23. Qb3 Rcd7 24. Nc4 Qb4 25. Qxb4 Nxb4 26.
Nd6 Bxe4 27. Rxe4 Nd5 28. f4 f5 29. Ree1 Nxf4 30. Rc3 Nd5 31. Rg3 Rb8 32.
Rg6 Re7 33. Rc1 Kh7 34. Rg3 b5 35. Rb1 b4 36. Rgb3 a5 37. Rf3 a4 38. Nc4 Ra7
39. Nd6 a3 40. Rfb3 a2 41. Ra1 Rba8 42. Nb5 Ra5 43. Nd6 Ra3 44. Rb2 Kg6 45.
Nc4 R3a4 46. Nd6 Kg5 47. g3 h5 48. h4+ Kg4 49. Kh2 Nc3 50. Rf2 g5 51. Nf7
Rh8 52. hxg5 h4 53. Rf4+ Kh5 54. Rxh4+ Kg6 55. Nxh8+ Kxg5 56. Nf7+ Kg6 57.
Nd6 b3 58. Kg2 b2 59. Rah1 b1=Q 60. Rh6+ Kg7 61. Rh7+ Kf8 62. Rh8+ Kg7 63.
R1h7+ Kg6 64. Rh6+ Kg7 65. Ne8+ Kf7 66. Rf6+ Ke7 67. Rh7+ Kxe8 68. Rh8+ Kd7
69. Rh7+ Kc6 70. Rxe6+ Kd5 71. Rd6+ Ke4 72. Rh4+ Ke3 73. Rf4 Qe4+ 74. Rxe4+
Nxe4 75. Rc6 a1=Q 76. e6 Qxd4 77. e7 Qd7 78. Rc7 Qxc7 79. e8=Q Qxg3+ 80. Kf1
Ra1# {White checkmated} 0-1